Map: Bridgehead LE (Void)

Players

Toons - Winner!

  • Race: Zerg Zerg
  • League: Silver

CaptainSwag

  • Race: Terran Terran
  • League: Bronze

VOD

Have the link to the VOD?

Description

Time

  • Played on: Aug. 4, 2015, 9 p.m.
  • Length: 19:51
Show
View Real Time Build Order
Export as new Build Order

Toons Zerg - Winner!

Build Orders: Pool First, Lurkers, Zergling Baneling 

Get SALT Encoding   

  12  0:01  Drone  
  13  0:09  Drone  
  14  0:17  Overlord  
  14  0:36  Spawning Pool  
  14  0:40  Drone x2  
  15  0:52  Extractor  
  14  0:57  Drone x2  
  14  1:04  Drone  
  17  1:23  Queen  
  17  1:24  Zergling x4  
  21  1:38  Hatchery  
  20  1:48  Overlord  
  20  1:53  Drone  
  21  1:56  Metabolic Boost  
  21  2:17  Queen  
  21  2:20  Drone  
  21  2:21  Drone x2  
  26  2:24  Extractor  
  25  2:35  Overlord  
  24  2:52  Drone x3  
  27  2:59  Baneling Nest  
  26  3:06  Drone x2  
  28  3:28  Lair  
  28  3:30  Overlord  
  28  3:31  Zergling x8  
  28  3:32  Zergling x4  
  34  3:54  Drone  
  34  3:55  Drone x4  
  39  4:01  Evolution Chamber  
  38  4:19  Drone  
  38  4:20  Drone x4  
  43  4:26  Extractor  
  42  4:32  Hydralisk Den  
  42  4:34  Spore Crawler  
  42  4:36  Spore Crawler  
  39  4:44  Zerg Melee Weapons Level 1  
  39  4:46  Baneling  
  39  4:47  Baneling x7  
  39  4:50  Zergling x2  
  39  4:51  Zergling x6  
  43  4:59  Overlord x2  
  43  5:20  Drone x7  
  43  5:21  Lurker Den  
  50  5:30  Centrifical Hooks  
  50  5:52  Drone x4  
  50  5:55  Extractor  
  53  6:12  Drone  
  53  6:13  Drone, Zergling x2  
  53  6:14  Zergling x20  
  62  6:46  Hatchery  
  61  6:47  Overlord x2, Hydralisk  
  61  6:48  Hydralisk  
  61  6:51  Zerg Missile Weapons Level 1  
  65  6:58  Queen  
  67  7:17  Hydralisk x3  
  67  7:18  Hydralisk  
  75  7:29  Drone x2  
  77  7:30  Drone x3  
  77  7:35  Spine Crawler  
  79  7:37  Spine Crawler  
  78  7:55  Lurker x2  
  78  7:56  Lurker x3  
  83  7:58  Overlord x2  
  83  7:59  Hydralisk  
  85  8:37  Hydralisk  
  85  8:38  Zergling x6  
  85  8:39  Zergling x20  
  92  9:13  Drone x9  
  101  9:25  Infestation Pit  
  101  9:28  Spire, Zerg Melee Weapons Level 2  
  99  9:31  Muscular Augments  
  99  9:44  Zergling x20  
  82  10:25  Baneling x5  
  82  10:26  Baneling x6  
  82  10:27  Hydralisk x5  
  82  10:28  Hydralisk x2  
  94  10:30  Hive  
  91  11:13  Drone x5  
  91  11:14  Drone x2  
  91  11:15  Corruptor  
  91  11:16  Corruptor x3  
  106  11:19  Overlord x3  
  106  11:36  Extractor  
  106  11:38  Extractor  
  104  11:46  Lurker  
  106  11:47  Lurker x2  
  106  11:48  Overlord x2  
  106  11:49  Corruptor x6  
  119  11:55  Greater Spire  
  119  11:57  Zerg Melee Weapons Level 3, Adrenal Glands  
  109  12:31  Queen  
  104  13:15  Brood Lord  
  104  13:16  Brood Lord x4  
  114  13:42  Overlord  
  114  13:44  Hatchery  
  114  13:45  Brood Lord  
  114  13:46  Brood Lord x2  
  119  13:49  Hatchery  
  119  13:50  Zergling x24  
  129  14:47  Hydralisk  
  129  14:48  Hydralisk x11  
  129  14:51  Overlord  
  153  15:36  Corruptor x3  
  140  15:54  Hydralisk x2  
  139  16:02  Zergling x2  
  139  16:03  Zergling x28  
  139  16:04  Zergling x8  
  133  16:46  Hatchery  
  111  17:00  Hatchery  
  92  18:13  Drone x2  
  75  19:04  Hatchery  
  74  19:11  Hatchery  
Show
View Real Time Build Order
Export as new Build Order

CaptainSwag Terran 

Build Orders: Bio Tank, MMM Bio 

Get SALT Encoding   

  12  0:01  SCV  
  13  0:13  SCV  
  14  0:24  Supply Depot  
  14  0:25  SCV  
  15  0:34  Refinery  
  15  0:45  SCV  
  15  0:47  Barracks  
  16  0:57  SCV  
  17  1:09  SCV  
  18  1:21  SCV  
  18  1:24  Supply Depot  
  19  1:34  SCV  
  20  1:45  Command Center  
  21  1:51  Marine  
  21  1:56  Orbital Command  
  21  2:09  Marine  
  22  2:27  Marine  
  23  2:36  Factory  
  23  2:44  Marine  
  23  2:46  Bunker  
  23  2:48  SCV  
  25  3:00  SCV  
  25  3:03  Orbital Command  
  27  3:08  Refinery  
  27  3:12  SCV  
  28  3:16  Barracks Tech Lab  
  27  3:21  Widow Mine  
  27  3:24  Starport  
  29  3:32  SCV x2  
  30  3:39  Stimpack  
  30  3:40  Marauder  
  32  3:44  SCV x2  
  32  3:47  Engineering Bay  
  34  3:50  Barracks  
  34  3:53  Factory Tech Lab  
  34  4:01  Marine  
  35  4:02  Medivac  
  35  4:06  SCV  
  38  4:18  Engineering Bay  
  38  4:23  Marine  
  39  4:26  Command Center  
  39  4:33  SCV x2  
  39  4:34  Barracks  
  41  4:45  SCV x2  
  43  4:53  Marauder  
  43  4:57  SCV  
  43  4:58  Barracks Reactor  
  46  5:05  Supply Depot  
  46  5:08  Terran Infantry Weapons Level 1  
  46  5:15  Refinery  
  46  5:17  Refinery  
  46  5:20  Terran Infantry Armor Level 1  
  46  5:26  SCV x2, Siege Tank, Marine  
  46  5:27  Supply Depot  
  52  5:37  Marine  
  52  5:38  SCV, Marine  
  52  5:40  Starport Reactor  
  55  5:44  Marauder  
  55  5:49  Orbital Command  
  57  5:50  Supply Depot  
  57  5:54  SCV x2  
  57  5:55  Marine  
  57  5:56  Marine  
  61  6:06  SCV x2  
  63  6:13  Supply Depot  
  56  6:31  Barracks Reactor  
  53  6:38  Medivac  
  53  6:39  Medivac  
  57  6:54  Orbital Command  
  57  6:55  SCV x2  
  59  7:03  Armory  
  59  7:05  Missile Turret  
  59  7:07  SCV x2  
  59  7:08  Missile Turret  
  61  7:22  SCV  
  62  7:33  Marine x3  
  62  7:34  SCV, Marauder, Marine  
  62  7:35  Siege Tank, Medivac x2  
  76  7:51  Marine x2  
  76  7:55  Supply Depot  
  78  8:01  SCV  
  78  8:02  SCV x2  
  81  8:08  Marine x2  
  81  8:09  Marauder, Marine x2  
  81  8:10  Siege Tank  
  81  8:11  Medivac  
  92  8:13  SCV  
  92  8:16  SCV, Medivac  
  92  8:19  Combat Shields  
  96  8:21  Supply Depot  
  96  8:26  SCV x2, Refinery, Marine x3  
  100  8:27  Refinery  
  100  8:32  SCV  
  100  8:34  Marine x2  
  101  8:38  SCV  
  101  8:39  SCV  
  101  8:40  Medivac  
  94  8:42  Siege Tank  
  94  8:44  Supply Depot, SCV, Marine x3  
  95  8:50  SCV  
  95  8:52  Marine  
  95  8:53  Marauder  
  96  9:02  Marine x3  
  99  9:07  Supply Depot  
  99  9:08  SCV  
  99  9:09  SCV x2, Marine  
  102  9:13  Marine  
  104  9:19  Marine  
  104  9:20  SCV, Siege Tank, Marine x2  
  104  9:21  SCV x2  
  113  9:27  Marine  
  113  9:30  Supply Depot  
  114  9:32  SCV, Marauder  
  114  9:33  SCV x2  
  114  9:38  Concussive Shells  
  119  9:44  SCV  
  119  9:45  SCV x2  
  122  9:52  Siege Tank  
  125  9:53  Supply Depot  
  125  9:56  SCV  
  125  9:57  SCV x2  
  88  10:09  SCV x3  
  87  10:29  Marauder, Marine x4  
  93  10:46  Marine  
  93  10:47  Marine x3  
  97  10:50  Marine  
  95  11:04  Marine  
  96  11:14  Command Center  
  96  11:17  Marine  
  96  11:18  Marauder, Marine x2  
  101  11:19  Siege Tank  
  101  11:20  Medivac x2  
  101  11:22  Marine  
  109  11:35  Marine x3  
  109  11:39  Marauder  
  114  11:40  Marine  
  115  11:49  Barracks  
  115  11:51  Siege Tank, Barracks x2  
  115  11:53  Barracks, Marine x3  
  121  11:58  Marine  
  121  12:01  Marauder  
  124  12:11  Marine x3  
  119  12:38  Orbital Command  
  119  12:39  Marine x3  
  119  12:40  Marauder, Marine  
  124  12:45  Barracks Reactor, Barracks Tech Lab  
  124  12:46  Barracks Tech Lab  
  124  12:47  Barracks Reactor  
  123  12:57  Marine x4, Terran Infantry Weapons Level 2, Terran Infantry Armor Level 2  
  127  13:02  SCV x3  
  130  13:08  Orbital Command  
  130  13:14  SCV  
  130  13:17  Thor  
  137  13:23  Marine  
  137  13:24  Marauder, Marine x3  
  137  13:26  Marauder, Marine x3  
  148  13:37  Supply Depot  
  148  13:38  Supply Depot  
  148  13:39  Supply Depot x3  
  148  13:41  Supply Depot  
  148  13:58  Marine x8  
  148  13:59  Medivac, Marine x2  
  148  14:00  Thor  
  148  14:02  Supply Depot  
  166  14:03  Supply Depot  
  166  14:05  Supply Depot  
  166  14:17  Marine  
  167  14:31  Marauder, Marine x7  
  171  14:43  Thor  
  177  14:57  Marauder, Marine x4  
  183  15:06  Refinery x2  
  183  15:26  Thor  
  97  17:02  Marauder, Marine x3  
  97  17:03  Marine  
  97  17:04  Marauder, Marine x2  
  106  17:19  Marine  
  106  17:20  Marine  
  106  17:21  Marine  
  109  17:28  Marine  
  109  17:29  Marine x2  
  107  17:37  Marine  
  107  17:38  Marine  
  107  17:39  Marine  
  110  17:46  Marine x3  
Tags
 
Add a new tag
Caveats
  • Supply blocks, unpowered buildings, or Contaminate may cause inaccurate times.
  • Supply counts are checked every 10 seconds.